 Dungeon Crawl Stone Soup version 0.27-a0-1331-g60ef6b6952 (webtiles) character file.

Game seed: 213272567911103697

370 Johnny the Magician (level 6, -7/38 HPs)
             Began as a Deep Elf Earth Elementalist on June 25, 2021.
             Mangled by an iguana (11 damage)
             ... on level 3 of the Dungeon.
             The game lasted 00:04:00 (4725 turns).

Johnny the Magician (Deep Elf Earth Elementalist)   Turns: 4725, Time: 00:04:01

Health: -7/38      AC:  5    Str:  3 (5)  XL:     6   Next: 42%
Magic:  15/15      EV:  8    Int: 20 (22) God:
Gold:   122        SH:  0    Dex: 13 (15) Spells: 11/15 levels left

rFire    . . .     SeeInvis .   g - +1 short sword (drain)
rCold    . . .     Faith    .   (no shield)
rNeg     . . .     Spirit   .   h - +0 ring mail
rPois    .         Reflect  .   (no helmet)
rElec    .         Harm     .   (no cloak)
rCorr    .         Rampage  .   (no gloves)
Will     .....                  (no boots)
Stlth    +.........             (no amulet)
HPRegen  0.12/turn              (no ring)
MPRegen  0.14/turn              (no ring)

@: very slightly contaminated
A: no striking features
a: no special abilities


You were on level 3 of the Dungeon.
You visited 1 branch of the dungeon, and saw 4 of its levels.

You collected 122 gold pieces.

Inventory:

Hand Weapons
 a - a +0 whip
 g - a +1 short sword of draining (weapon)
Missiles
 c - 65 stones
Armour
 b - a +0 robe
 h - a +0 ring mail (worn)
Magical Staves
 k - a staff of cold
Wands
 p - a wand of charming (5)
 r - a wand of acid (4)
Scrolls
 d - 2 scrolls of magic mapping {unknown}
 f - 3 scrolls of teleportation {unknown}
 i - a scroll of silence {unknown}
 j - a scroll of amnesia {unknown}
 l - 3 scrolls of identify {unknown}
 o - 2 scrolls of immolation {unknown}
 s - a scroll of vulnerability {unknown}
Potions
 e - a potion of magic
 m - a potion of resistance {unknown}
 n - a potion of degeneration
 q - a potion of curing {unknown}


   Skills:
 * Level 3.7 Fighting
 - Level 2.4 Dodging
 - Level 2.4 Stealth
 + Level 5.2 Spellcasting
 - Level 1.1 Transmutations
 + Level 4.8 Earth Magic


You had 11 spell levels left.
You knew the following spells:

 Your Spells              Type           Power      Damage    Failure   Level
a - Sandblast             Erth           48%        2d12      12%         1
b - Stone Arrow           Conj/Erth      28%        3d8       71%         3

Your spell library contained the following spells:

 Spells                   Type           Power      Damage    Failure   Level
 Passwall                 Tmut/Erth      14%        N/A       38%         2
 Petrify                  Tmut/Erth      17%        N/A       95%         4
 Lee's Rapid Deconstruct  Erth           12%        3d9*      98%         5


Dungeon Overview and Level Annotations

Branches:
Dungeon (4/15)
 Temple: D:4-7

Altars:
Ashenzari
The Shining One

Shops:
D:3 [   D:4 *


Message History

The iguana bites you but does no damage.
Casting: Sandblast (safe; 6% risk of failure)
Confirm with . or Enter, or press ? or * to list all spells.
Aiming: Sandblast (safe; 6% risk of failure)
Press: ? - help, Shift-Dir - straight line, f/p - iguana
Aim: an iguana (83% to hit)
The blast of sand hits the iguana but does no damage.
The iguana bites you!
Casting: Sandblast (safe; 6% risk of failure)
Confirm with . or Enter, or press ? or * to list all spells.
Aiming: Sandblast (safe; 6% risk of failure)
Press: ? - help, Shift-Dir - straight line, f/p - iguana
Aim: an iguana (83% to hit)
The blast of sand hits the iguana.
The iguana is lightly wounded.
The iguana barely misses you.
Casting: Sandblast (safe; 6% risk of failure)
Confirm with . or Enter, or press ? or * to list all spells.
The spell is quite dangerous to cast (47% risk of failure)!
Continue anyway?
Aiming: Stone Arrow (quite dangerous; 47% risk of failure)
Press: ? - help, Shift-Dir - straight line, f/p - iguana
Aim: an iguana (lightly wounded, 72% to hit)
You miscast Stone Arrow.
Nothing appears to happen.
The iguana completely misses you.
Casting: Stone Arrow (quite dangerous; 47% risk of failure)
Confirm with . or Enter, or press ? or * to list all spells.
The spell is quite dangerous to cast (47% risk of failure)!
Continue anyway?
Aiming: Stone Arrow (quite dangerous; 47% risk of failure)
Press: ? - help, Shift-Dir - straight line, f/p - iguana
Aim: an iguana (lightly wounded, 72% to hit)
You miscast Stone Arrow.
Sparks fly from your hands!
* * * LOW HITPOINT WARNING * * *
The iguana barely misses you.
It was a potion of magic.
Magic courses through your body.
The iguana bites you but does no damage.
It was a potion of degeneration.
There was something very wrong with that liquid.
You feel weakened.
You feel dopey.
You feel clumsy. The iguana bites you!
You die...

### #...### .......##
......l.##
.......@.############
....................#
####.#.############.#
# #. #.# .. #.# .#.
#.# #.#. ########.# .
#. .........#
########.#


You could see an iguana.

Vanquished Creatures
  A scorpion (D:4)
  A crimson imp (D:3)
  A hound (D:3)
  Jessica (D:3)
  2 orc wizards (D:3)
  3 adders
  4 worms
  7 orcs (D:3)
  8 endoplasms
  3 giant cockroaches
  11 goblins
  13 hobgoblins
  10 jackals (D:2)
  5 quokkas
  11 ball pythons
  9 bats
  4 frilled lizards
  2 goblin skeletons (D:3)
  2 hobgoblin zombies (D:3)
  8 kobolds
  A kobold zombie (D:3)
  2 orc skeletons (D:3)
  An orc zombie (D:3)
  4 rats
114 creatures vanquished.

Notes
Turn   | Place    | Note
-------+----------+-------------------------------------------
     0 | D:1      | Johnny the Deep Elf Earth Elementalist began the quest for
                  | the Orb.
     0 | D:1      | Reached XP level 1. HP: 10/10 MP: 6/6
   308 | D:1      | Reached XP level 2. HP: 16/16 MP: 8/8
   480 | D:1      | Reached skill level 1 in Fighting
  1196 | D:1      | Reached XP level 3. HP: 10/20 MP: 8/10
  2332 | D:2      | Found a faded altar of an unknown god.
  2446 | D:2      | Reached XP level 4. HP: 23/26 MP: 11/11
  2811 | D:2      | Reached skill level 4 in Spellcasting
  3256 | D:3      | Found a broken altar of Ashenzari.
  3323 | D:3      | Noticed Jessica
  3338 | D:3      | Killed Jessica
  3339 | D:3      | Reached XP level 5. HP: 19/31 MP: 8/13
  4071 | D:3      | You fall into a shaft and drop 1 floor!
  4219 | D:4      | Found Saolinaj's Lightly-Used Armoury.
  4249 | D:4      | Reached skill level 5 in Spellcasting
  4249 | D:4      | Reached XP level 6. HP: 37/37 MP: 9/15
  4486 | D:3      | Found a glowing golden altar of the Shining One.
  4525 | D:3      | Learned a level 3 spell: Stone Arrow
  4648 | D:3      | Found Ehaop's Armour Emporium.
  4725 | D:3      | Mangled by an iguana

Illustrated notes

Levels and vault maps discovered:
D:1:      amcnicky_arrival_double_pillar, layout_basic,
          grunt_decor_mini_mirrors, serial_bayou_pond_d,
          minmay_indecisive_spiral
D:2:      layout_loops_cross, ebering_ecumenical_altar_abandoned,
          minmay_split_cup_small
D:3:      layout_loops_ring, nicolae_tso_besieged_by_evil,
          nicolae_overflow_crystal_walls, zin_treasury, serial_shops,
          nicolae_shop_waterfront, grunt_ministairs_10, st_stairs_3,
          uniq_jessica
D:4:      cheibrodos_barr_body, layout_basic, minmay_shop_damaged,
          uniq_crazy_yiuf_cottage

Skill      XL: |  1  2  3  4  5 |
---------------+----------------+-----
Fighting       | 1 2 3 |  3.7
Spellcasting   | 4 5 |  5.2
Earth Magic    | 4 |  4.8
Dodging        | |  2.4
Stealth        | |  2.4
Transmutations | |  1.1

Action                   |  1- 3 |  4- 6 || total
-------------------------+-------+-------++-------
Melee: Whip              |    40 |       ||    40
       Unarmed           |     2 |       ||     2
       Short sword       |    57 |   106 ||   163
 Cast: Sandblast         |    34 |    54 ||    88
  Use: Potion            |       |     2 ||     2
 Stab: Sleeping          |     4 |     2 ||     6
Armor: Robe              |    17 |       ||    17
       Ring mail         |    22 |    60 ||    82
Dodge: Dodged            |    75 |    77 ||   152

Table legend: (Time is in decaauts)
 A = Elapsed time spent in this place.
 B = Non-inter-level travel time spent in this place.
 C = Inter-level travel time spent in this place.
 D = Time resting spent in this place.
 E = Time spent auto-exploring this place.
 F = Levels seen in this place.
 G = Mean time per level.
                   A        B        C        D        E       F      G
               +--------+--------+--------+--------+--------+-----+--------+
         Total |   4745 |   4617 |    128 |    801 |   3118 |   4 | 1186.2 |
       Dungeon |   4745 |   4617 |    128 |    801 |   3118 |   4 | 1186.2 |
               +--------+--------+--------+--------+--------+-----+--------+

Top non-repeatable levels by time:
     D:1: 1987 daAuts
     D:3: 1364 daAuts
     D:2: 1205 daAuts
     D:4: 187 daAuts
